[Event "Titled Tuesday Blitz April 26 Late 2022"]
[White "Golubev, Mikhail"]
[Black "Rasulov, Vugar"]
[WhiteFideId "14100983"]
[BlackFideId "13402390"]
[WhiteElo "2374"]
[BlackElo "2560"]
[Result "0-1"]
[Round "08"]
[TimeControl "180+1"]
[Date "2022.04.26"]
[WhiteClock "0:00:46"]
[BlackClock "0:01:43"]

1. e4 c5 2. Nf3 Nc6 3. Nc3 d6 4. d4 cxd4 5. Nxd4 Nf6 6. Bc4 Qb6 7. Ndb5 a6 8. Be3 Qd8 9. Nd4 Ng4 10. Nxc6 bxc6 11. Bf4 e5 12. Bc1 Be7 13. O-O O-O 14. h3 Nf6 15. Qd3 Kh8 16. Be3 Nh5 17. Rad1 f5 18. Qe2 Nf6 19. f4 exf4 20. Rxf4 fxe4 21. Nxe4 Nxe4 22. Rxe4 d5 23. Bb3 Bf5 24. Rf4 Bd6 25. Rf2 Be4 26. c4 Rxf2 27. Qxf2 Qe7 28. cxd5 Rf8 0-1


[Site "https://www.chess.com"]

[Event "Titled Tuesday Blitz April 26 Late 2022"]
[White "Grischuk, Alexander"]
[Black "Moussard, Jules"]
[WhiteFideId "4126025"]
[BlackFideId "642908"]
[WhiteElo "2762"]
[BlackElo "2589"]
[Result "1-0"]
[Round "08"]
[TimeControl "180+1"]
[Date "2022.04.26"]
[WhiteClock "0:00:11"]
[BlackClock "0:00:03"]

1. d4 d5 2. Nf3 Nf6 3. Bf4 e6 4. Nbd2 c5 5. e3 Qb6 6. Rb1 Nc6 7. c3 Be7 8. Bd3 O-O 9. Ne5 Bd7 10. Qf3 Be8 11. Qh3 cxd4 12. exd4 Nxe5 13. dxe5 Ne4 14. Nxe4 dxe4 15. Bxe4 g6 16. Bh6 Bb5 17. Bxf8 Bxf8 18. Bd3 Rd8 19. Rd1 Bxd3 20. Rxd3 Rxd3 21. Qxd3 Qxb2 22. O-O Qxa2 23. g3 Qa5 24. Qe4 Qxc3 25. Rd1 a5 26. Rd7 Qc1+ 27. Kg2 Qc6 28. Qxc6 bxc6 29. Rc7 a4 30. Rxc6 a3 31. Ra6 g5 32. f4 gxf4 33. gxf4 Kg7 34. Kf3 h5 35. Ke4 Bb4 36. h3 Kg6 37. f5+ Kg5 38. fxe6 fxe6 39. Rxe6 Kh4 40. Rb6 Bc5 41. Ra6 Kxh3 42. e6 Kg2 43. Ra5 Be7 44. Rxh5 Kf2 45. Ra5 Ke2 46. Ra7 Bc5 47. e7 Bxe7 48. Rxe7 Kd2 49. Ra7 Kc3 50. Rxa3+ 1-0


[Site "https://www.chess.com"]

[Event "Titled Tuesday Blitz April 26 Late 2022"]
[White "Harish, Neeraj"]
[Black "Leschinsky, Gary"]
[WhiteFideId "30958130"]
[BlackFideId "30951321"]
[WhiteElo "1574"]
[BlackElo "1782"]
[Result "0-1"]
[Round "08"]
[TimeControl "180+1"]
[Date "2022.04.26"]
[WhiteClock "0:01:02"]
[BlackClock "0:01:58"]

1. e4 c5 2. Nf3 e6 3. d4 cxd4 4. Nxd4 a6 5. Bd3 Bc5 6. Nb3 Ba7 7. Nc3 Nc6 8. Qe2 b5 9. Bf4 e5 10. Be3 Nf6 11. O-O-O O-O 12. Bg5 h6 13. Bh4 Nd4 14. Nxd4 Bxd4 15. Nd5 g5 16. Qf3 Nxd5 17. exd5 gxh4 18. d6 Rb8 19. Kb1 Bb7 20. Qf5 e4 21. Bxe4 Bxe4 22. Qxe4 Bg7 23. g3 Qf6 24. c3 b4 0-1


[Site "https://www.chess.com"]

[Event "Titled Tuesday Blitz April 26 Late 2022"]
[White "Hnydiuk, Aleksander"]
[Black "Shirov, Alexei"]
[WhiteFideId "1109057"]
[BlackFideId "2209390"]
[WhiteElo "2374"]
[BlackElo "2678"]
[Result "1/2-1/2"]
[Round "08"]
[TimeControl "180+1"]
[Date "2022.04.26"]
[WhiteClock "0:00:08"]
[BlackClock "0:00:13"]

1. Nf3 d5 2. d4 Nf6 3. c4 c6 4. cxd5 cxd5 5. Nc3 Nc6 6. Bf4 a6 7. Rc1 Bf5 8. e3 e6 9. Be2 Bd6 10. Bxd6 Qxd6 11. O-O O-O 12. Na4 Rab8 13. a3 Nd7 14. b4 Rfc8 15. Qb3 a5 16. Nc5 axb4 17. axb4 Ne7 18. Rc3 b6 19. Nxd7 Rxc3 20. Qxc3 Qxd7 21. Ne5 Qd6 22. Rc1 f6 23. Qc7 Qxc7 24. Rxc7 fxe5 25. Rxe7 exd4 26. exd4 Kf8 27. Rc7 Ra8 28. g4 Be4 29. f3 Ra2 30. Kf1 Bg6 31. Rb7 Rd2 32. Rxb6 Ke7 33. Rb7+ Kf6 34. Kf2 Bd3 35. Ke3 Rxe2+ 36. Kxd3 Rxh2 37. Ke3 Rb2 38. g5+ Kg6 39. Re7 Rxb4 40. Rxe6+ Kxg5 41. Re5+ Kf6 42. Rxd5 g5 43. Ke4 Rb6 44. Rc5 Re6+ 45. Kd3 h5 46. d5 Re1 47. Kd4 h4 48. Rc6+ Kf5 49. Rh6 Rd1+ 50. Kc5 Ke5 51. d6 Rd3 52. Rg6 Kf5 53. Rg8 h3 54. Kc6 h2 55. Rh8 Rd2 56. d7 Rc2+ 57. Kd6 Rd2+ 58. Ke7 Re2+ 59. Kf7 Rd2 60. Ke7 Re2+ 61. Kf7 Rd2 62. Ke7 1/2-1/2


[Site "https://www.chess.com"]

[Event "Titled Tuesday Blitz April 26 Late 2022"]
[White "Ivanisevic, Ivan"]
[Black "Sjugirov, Sanan"]
[WhiteFideId "912417"]
[BlackFideId "4189302"]
[WhiteElo "2495"]
[BlackElo "2602"]
[Result "0-1"]
[Round "08"]
[TimeControl "180+1"]
[Date "2022.04.26"]
[WhiteClock "0:00:01"]
[BlackClock "0:00:24"]

1. d4 Nf6 2. c4 e6 3. Nc3 Bb4 4. e3 O-O 5. Bd3 d5 6. a3 Bxc3+ 7. bxc3 dxc4 8. Bxc4 c5 9. Ne2 Nc6 10. Ng3 Qc7 11. O-O e5 12. d5 Na5 13. Ba2 Bd7 14. a4 b6 15. e4 Rae8 16. f4 Nb7 17. fxe5 Qxe5 18. Bf4 Qxc3 19. e5 Bg4 20. Qc1 Qd4+ 21. Kh1 Nxd5 22. h3 Be6 23. Bg5 Qxe5 24. Nh5 f6 25. Re1 Qxg5 26. Qxg5 fxg5 27. Rxe6 Rxe6 28. Bxd5 Nd8 29. a5 g6 30. Ng3 Kg7 31. Bxe6 Nxe6 32. axb6 axb6 33. Ra6 Rb8 34. Ra7+ Kf6 35. Rxh7 b5 36. Ne4+ Ke5 37. Nd2 c4 38. Re7 c3 39. Nb3 Kd6 40. Rf7 Ra8 41. Rf6 Ke5 0-1


[Site "https://www.chess.com"]

[Event "Titled Tuesday Blitz April 26 Late 2022"]
[White "Janik, Igor"]
[Black "Petrovic, Aleksa"]
[WhiteFideId "1159259"]
[BlackFideId "967629"]
[WhiteElo "2437"]
[BlackElo "2198"]
[Result "1-0"]
[Round "08"]
[TimeControl "180+1"]
[Date "2022.04.26"]
[WhiteClock "0:00:22"]
[BlackClock "0:00:02"]

1. e4 c5 2. Nf3 e6 3. g3 b6 4. Bg2 Bb7 5. Qe2 d6 6. O-O Be7 7. a4 Nf6 8. d3 O-O 9. b3 Nfd7 10. Bb2 Bf6 11. c3 Nc6 12. d4 cxd4 13. cxd4 Nb4 14. Na3 Ba6 15. Nb5 d5 16. e5 Be7 17. Rfc1 Rc8 18. Qd2 Rxc1+ 19. Rxc1 Qb8 20. Ba3 Nc6 21. Bxe7 Nxe7 22. Nd6 Nc8 23. Nxc8 Rxc8 24. Ne1 Rxc1 25. Qxc1 Qc8 26. Qxc8+ Bxc8 27. Bf1 Nb8 28. f4 a5 29. Kf2 Ba6 30. Bb5 Bxb5 31. axb5 h5 32. Nd3 Kh7 33. Ke3 Kg6 34. h3 Kf5 35. Kf3 g5 36. g4+ hxg4+ 37. hxg4+ Kg6 38. Nb2 gxf4 39. Kxf4 Nd7 40. Na4 Kh6 41. Kf3 Kg5 42. Kg3 Kg6 43. Kh4 Kh6 44. g5+ Kg6 45. Kg4 Kg7 46. Kh5 Kh7 47. Nb2 Kg7 48. Nd3 Kh7 49. Nf4 Nf8 50. Kg4 Kg8 51. Nh5 Nd7 52. g6 fxg6 53. Nf4 Kf7 54. Kg5 Nf8 55. Kh6 g5 56. Kxg5 Kg7 57. Kh5 Kh7 58. Nh3 Kg8 59. Kh6 Kf7 60. Ng5+ Ke7 61. Kg7 Nd7 62. Nf7 Nf8 63. Nd6 Nd7 64. Kg8 Nb8 65. Nc8+ Kd7 66. Nxb6+ Kc7 67. Na4 Nd7 68. Kf7 Nb6 69. Kxe6 Nxa4 70. bxa4 1-0


[Site "https://www.chess.com"]

[Event "Titled Tuesday Blitz April 26 Late 2022"]
[White "Jegorovas, Aleksandras"]
[Black "Aigner, Michael"]
[WhiteFideId "12801950"]
[BlackFideId "2017288"]
[WhiteElo "2247"]
[BlackElo "2384"]
[Result "0-1"]
[Round "08"]
[TimeControl "180+1"]
[Date "2022.04.26"]
[WhiteClock "0:00:32"]
[BlackClock "0:01:15"]

1. d4 f5 2. Nc3 d5 3. Bg5 g6 4. e3 Bg7 5. Nf3 Nf6 6. Bxf6 Bxf6 7. Bd3 c6 8. Ne2 Be6 9. Nf4 Bf7 10. h4 Nd7 11. Ng5 Nf8 12. Nxf7 Kxf7 13. c4 e6 14. Qb3 Qa5+ 15. Ke2 Qb6 16. c5 Qxb3 17. axb3 a6 18. Kd2 Nd7 19. b4 e5 20. Ne2 Rae8 21. f4 exd4 22. Nxd4 Bxd4 23. exd4 Nf6 24. Rhe1 Ne4+ 25. Bxe4 Rxe4 26. Rxe4 dxe4 27. Kc3 Ke6 28. Kc4 Re8 29. Rd1 Rd8 30. Rh1 h6 31. Rh3 Kf6 32. Rg3 Rd7 33. Kc3 Re7 34. Kd2 Rg7 35. Kc3 g5 36. hxg5+ hxg5 37. fxg5+ Rxg5 38. Rxg5 Kxg5 39. d5 cxd5 40. Kd4 f4 41. b5 axb5 0-1


[Site "https://www.chess.com"]

[Event "Titled Tuesday Blitz April 26 Late 2022"]
[White "Jobava, Baadur"]
[Black "Melkumyan, Hrant"]
[WhiteFideId "13601520"]
[BlackFideId "13302485"]
[WhiteElo "2617"]
[BlackElo "2604"]
[Result "0-1"]
[Round "08"]
[TimeControl "180+1"]
[Date "2022.04.26"]
[WhiteClock "0:00:03"]
[BlackClock "0:00:18"]

1. b3 d5 2. Bb2 Nf6 3. g3 g6 4. Bg2 Bg7 5. c4 c6 6. Nf3 O-O 7. O-O Bg4 8. d3 Nbd7 9. Nbd2 a5 10. Rc1 Bxf3 11. Nxf3 a4 12. b4 e6 13. a3 Ne8 14. d4 Nd6 15. Nd2 b5 16. c5 Nc4 17. Nxc4 bxc4 18. e4 Nf6 19. e5 Ne8 20. f4 Nc7 21. h4 f5 22. exf6 Qxf6 23. Rc2 Nb5 24. h5 Qf5 25. hxg6 Qxg6 26. g4 Rf7 27. Rcf2 Raf8 28. Qxa4 c3 29. Bc1 Bxd4 30. Qa6 Qxg4 31. Qxc6 Rg7 32. Kh1 Bxf2 33. Rxf2 Nd4 34. Qd6 Qh5+ 35. Kg1 Qd1+ 36. Kh2 Qxc1 37. c6 Qd1 38. c7 Qh5+ 39. Bh3 Qe8 40. b5 Nf5 41. Qe5 Qc8 42. b6 d4 43. Bf1 Ne3 44. Bh3 Ng4+ 45. Bxg4 Rxg4 46. b7 Qxb7 47. Qxe6+ Kh8 48. Qxg4 Qxc7 49. Rg2 Qxf4+ 50. Qxf4 Rxf4 51. Kg3 Rf8 52. Rc2 Rc8 53. Rf2 c2 0-1


[Site "https://www.chess.com"]

[Event "Titled Tuesday Blitz April 26 Late 2022"]
[White "Kamsky, Gata"]
[Black "Barria Zuniga, Daniel"]
[WhiteFideId "2000024"]
[BlackFideId "3400816"]
[WhiteElo "2645"]
[BlackElo "2414"]
[Result "1-0"]
[Round "08"]
[TimeControl "180+1"]
[Date "2022.04.26"]
[WhiteClock "0:00:27"]
[BlackClock "0:00:01"]

1. e4 e6 2. Qe2 c5 3. Nf3 b6 4. g3 Bb7 5. Bg2 d6 6. d4 cxd4 7. Nxd4 Nf6 8. O-O Qd7 9. Rd1 a6 10. c4 Qc7 11. Nc3 Nbd7 12. Bf4 Ne5 13. Rac1 Be7 14. b3 O-O 15. h3 Rac8 16. Be3 Qb8 17. f4 Ned7 18. g4 Nc5 19. Bf2 Qa8 20. Re1 Rfe8 21. g5 g6 22. gxf6 Bxf6 23. Rcd1 Rcd8 24. Qg4 Bg7 25. f5 exf5 26. exf5 Rxe1+ 27. Bxe1 Re8 28. Bf2 h5 29. Qg5 Kh7 30. fxg6+ fxg6 31. Nd5 Re5 32. Qf4 Qe8 33. Nf6+ Bxf6 34. Qxf6 Bxg2 35. Kxg2 Ne4 36. Qf4 g5 37. Qf3 g4 38. hxg4 hxg4 39. Qf4 g3 40. Rh1+ Kg8 41. Be3 Qg6 42. Qh6 Qxh6 43. Rxh6 Kg7 44. Re6 Nc5 45. Rxe5 dxe5 46. Nf5+ Kf6 47. Bxc5 bxc5 48. Nxg3 Kg5 49. Ne4+ 1-0


[Site "https://www.chess.com"]

[Event "Titled Tuesday Blitz April 26 Late 2022"]
[White "Kanyamarala, Tarun"]
[Black "Leitao, Rafael"]
[WhiteFideId "45004714"]
[BlackFideId "2101246"]
[WhiteElo "2177"]
[BlackElo "2609"]
[Result "1-0"]
[Round "08"]
[TimeControl "180+1"]
[Date "2022.04.26"]
[WhiteClock "0:00:28"]
[BlackClock "0:00:54"]

1. d4 Nf6 2. Nc3 d5 3. Bf4 e6 4. Nb5 Na6 5. e3 Be7 6. Nf3 O-O 7. h4 c6 8. Nc3 c5 9. Bxa6 bxa6 10. dxc5 Bxc5 11. Ne5 Bb7 12. Qf3 Qb6 13. Nd1 d4 14. Qg3 Nh5 15. Qg5 Nxf4 16. Qxf4 dxe3 17. Nxe3 Rad8 18. N5c4 Qc6 19. O-O 1-0


[Site "https://www.chess.com"]

[Event "Titled Tuesday Blitz April 26 Late 2022"]
[White "Kanyamarala, Trisha"]
[Black "volunteers1998"]
[WhiteFideId "45004722"]
[WhiteElo "2079"]
[BlackElo "2284"]
[Result "1/2-1/2"]
[Round "08"]
[TimeControl "180+1"]
[Date "2022.04.26"]
[WhiteClock "0:00:04"]
[BlackClock "0:00:14"]

1. b3 e5 2. Bb2 Nc6 3. c4 f5 4. g3 Nf6 5. Bg2 Bc5 6. Nf3 d6 7. O-O O-O 8. d4 exd4 9. Nxd4 Nxd4 10. Bxd4 Bxd4 11. Qxd4 Qe7 12. Nc3 a6 13. Rad1 Rb8 14. Rfe1 Qe5 15. Qd3 Bd7 16. Rc1 Bc6 17. Nd5 Rbc8 18. f4 Qe6 19. e4 fxe4 20. Bxe4 Nxe4 21. Rxe4 Qh3 22. Ne7+ Kh8 23. Nxc8 Bxe4 24. Qxe4 Rxc8 25. Re1 h5 26. Qxb7 Rg8 27. Qxc7 h4 28. Re3 hxg3 29. Rxg3 Qf5 30. Qa5 Qb1+ 31. Kg2 Qe4+ 32. Kh3 Rf8 33. Qh5+ Kg8 34. Qd5+ Qxd5 35. cxd5 Rxf4 36. Rg6 Rf2 37. Rxd6 Rxa2 38. Rb6 Kf7 39. Kg3 Rd2 40. d6 Ke6 41. Rxa6 Rd3+ 42. Kf4 Rxb3 43. h4 Rb4+ 44. Kg5 Rb5+ 45. Kg6 Rb4 46. h5 Rg4+ 47. Kh7 Rg5 48. d7+ Kxd7 49. Ra7+ Ke6 50. Rxg7 Rxh5+ 51. Kg6 Rh1 52. Rb7 Rg1+ 53. Kh6 Kf6 54. Rb6+ Kf5 55. Rb5+ Kf6 56. Rb6+ Kf5 57. Rb5+ Kf6 58. Rb6+ 1/2-1/2


[Site "https://www.chess.com"]

[Event "Titled Tuesday Blitz April 26 Late 2022"]
[White "Keymer, Vincent"]
[Black "Babazada, Khazar"]
[WhiteFideId "12940690"]
[BlackFideId "13413554"]
[WhiteElo "2557"]
[BlackElo "2406"]
[Result "1-0"]
[Round "08"]
[TimeControl "180+1"]
[Date "2022.04.26"]
[WhiteClock "0:00:22"]
[BlackClock "0:00:11"]

1. Nf3 Nf6 2. c4 c5 3. Nc3 Nc6 4. g3 e5 5. Bg2 d6 6. O-O Be7 7. a3 O-O 8. Rb1 Be6 9. d3 Qd7 10. Ng5 Bf5 11. b4 h6 12. Nge4 Rac8 13. b5 Nd4 14. Nxf6+ Bxf6 15. Nd5 Bd8 16. e3 Ne6 17. Bb2 Bh7 18. f4 exf4 19. gxf4 f5 20. Kh1 Bg6 21. Rg1 Kh7 22. Qf3 Qf7 23. Qg3 Bh5 24. e4 Nd4 25. Bxd4 cxd4 26. exf5 Kh8 27. Be4 Re8 28. Rbe1 a6 29. Qh3 axb5 30. f6 Bxf6 31. Qf5 Rxe4 32. Qxc8+ 1-0


[Site "https://www.chess.com"]

[Event "Titled Tuesday Blitz April 26 Late 2022"]
[White "Kohler, Aran"]
[Black "Donatti, Alvaro"]
[WhiteFideId "1002856"]
[BlackFideId "3000303"]
[WhiteElo "2267"]
[BlackElo "2138"]
[Result "1-0"]
[Round "08"]
[TimeControl "180+1"]
[Date "2022.04.26"]
[WhiteClock "0:02:19"]
[BlackClock "0:02:20"]

1. e4 c5 2. Nf3 e6 3. c3 Nf6 4. e5 Nd5 5. d4 cxd4 6. cxd4 Nc6 7. Nc3 Nxc3 8. bxc3 d6 9. exd6 Bxd6 10. Bd3 Qa5 11. Bd2 Qh5 12. h3 O-O 13. Ng5 h6 14. Qxh5 1-0


[Site "https://www.chess.com"]

[Event "Titled Tuesday Blitz April 26 Late 2022"]
[White "Korchmar, Vasiliy"]
[Black "Lehtosaari, Mauri"]
[WhiteFideId "24131750"]
[BlackFideId "501999"]
[WhiteElo "2370"]
[BlackElo "2545"]
[Result "1-0"]
[Round "08"]
[TimeControl "180+1"]
[Date "2022.04.26"]
[WhiteClock "0:00:35"]
[BlackClock "0:00:16"]

1. e4 d5 2. exd5 Qxd5 3. Nc3 Qe5+ 4. Be2 c6 5. Nf3 Qc7 6. d4 Bf5 7. Ne5 e6 8. g4 Bg6 9. h4 f6 10. Nxg6 hxg6 11. Bd3 f5 12. Qe2 Qe7 13. Bf4 Nf6 14. f3 Nbd7 15. O-O-O Nb6 16. Rde1 Kf7 17. Bg5 Qd6 18. h5 gxh5 19. gxf5 Re8 20. fxe6+ Rxe6 21. Qg2 Rxe1+ 22. Rxe1 Nbd5 23. Bg6+ Kg8 24. Ne4 Qd8 25. c4 Be7 26. cxd5 Nxd5 27. Bxe7 Qxe7 28. Nf6+ Qxf6 29. Re8+ 1-0


[Site "https://www.chess.com"]

[Event "Titled Tuesday Blitz April 26 Late 2022"]
[White "Kosteniuk, Alexandra"]
[Black "Shimanov, Aleksandr"]
[WhiteFideId "4128125"]
[BlackFideId "4198603"]
[WhiteElo "2469"]
[BlackElo "2636"]
[Result "0-1"]
[Round "08"]
[TimeControl "180+1"]
[Date "2022.04.26"]
[WhiteClock "0:00:56"]
[BlackClock "0:01:53"]

1. e4 d5 2. exd5 Qxd5 3. Nc3 Qe5+ 4. Be2 Bg4 5. d4 Bxe2 6. Ngxe2 Qa5 7. O-O Nf6 8. a3 Nc6 9. Qd3 O-O-O 10. Bd2 e6 11. b4 Qf5 12. Be3 Qxd3 13. cxd3 Ne7 14. Rfc1 Ned5 15. h3 Be7 16. Ne4 b6 17. Rc6 Kb7 18. Rac1 Rd7 19. g4 Ra8 20. g5 Ne8 21. Nf4 a5 22. b5 Bxa3 23. Ra1 Be7 24. h4 a4 25. Nxd5 Rxd5 26. Nc3 Rxb5 27. Nxb5 Kxc6 0-1


[Site "https://www.chess.com"]

[Event "Titled Tuesday Blitz April 26 Late 2022"]
[White "Kostiukov, Alexandr"]
[Black "Petrova, Irina"]
[WhiteFideId "14108100"]
[BlackFideId "14124122"]
[WhiteElo "2202"]
[BlackElo "1993"]
[Result "0-1"]
[Round "08"]
[TimeControl "180+1"]
[Date "2022.04.26"]
[WhiteClock "0:00:01"]
[BlackClock "0:00:50"]

1. g3 e5 2. c4 d6 3. Bg2 Nc6 4. Nc3 f5 5. e3 Nf6 6. Nge2 g6 7. O-O Bg7 8. d4 e4 9. f3 exf3 10. Bxf3 O-O 11. e4 fxe4 12. Nxe4 Bh3 13. Nxf6+ Bxf6 14. Bd5+ Kg7 15. Nf4 Bxd4+ 16. Kh1 Bd7 17. Qd3 Be5 18. Bd2 Qc8 19. Bc3 Bf5 20. Qd2 Ne7 21. Rae1 Nxd5 22. Nxd5 Be4+ 23. Rxe4 Rxf1+ 24. Kg2 Qf8 25. Rxe5 Qf3+ 26. Kh3 dxe5 27. Bxe5+ Kf7 28. Nf4 Re8 29. Qd7+ Re7 30. Qg4 Qxg4+ 31. Kxg4 Rxe5 0-1


[Site "https://www.chess.com"]

[Event "Titled Tuesday Blitz April 26 Late 2022"]
[White "Kozak, Adam"]
[Black "Andreikin, Dmitry"]
[WhiteFideId "753246"]
[BlackFideId "4158814"]
[WhiteElo "2459"]
[BlackElo "2736"]
[Result "0-1"]
[Round "08"]
[TimeControl "180+1"]
[Date "2022.04.26"]
[WhiteClock "0:00:02"]
[BlackClock "0:00:43"]

1. Nf3 g6 2. c4 Bg7 3. g3 c5 4. Bg2 Nc6 5. Nc3 d6 6. d3 Bf5 7. O-O Qd7 8. Rb1 h5 9. h4 Nf6 10. Bg5 O-O 11. Bxf6 Bxf6 12. Nd5 Bg7 13. a3 Rab8 14. b4 cxb4 15. Nxb4 Bg4 16. Nxc6 bxc6 17. Qa4 Qc7 18. Rfc1 c5 19. Qc2 Qa5 20. Qa2 Rb4 21. Bf1 Bxf3 22. exf3 Rfb8 23. Rxb4 Rxb4 24. Rb1 Bd4 25. Qd2 Qxa3 26. Rxb4 cxb4 27. Qe2 b3 28. Qxe7 b2 29. Qxd6 Qxd6 0-1


[Site "https://www.chess.com"]

[Event "Titled Tuesday Blitz April 26 Late 2022"]
[White "Kozin, Yuri"]
[Black "Swiercz, Dariusz"]
[WhiteFideId "4129920"]
[BlackFideId "1126881"]
[WhiteElo "2576"]
[BlackElo "2627"]
[Result "0-1"]
[Round "08"]
[TimeControl "180+1"]
[Date "2022.04.26"]
[WhiteClock "0:00:37"]
[BlackClock "0:01:44"]

1. e4 e6 2. d4 d5 3. Nd2 Nf6 4. Bd3 Nc6 5. Ngf3 Nb4 6. e5 Nxd3+ 7. cxd3 Ng8 8. O-O Ne7 9. Nb3 b6 10. Bg5 h6 11. Bh4 Qd7 12. Rc1 Nf5 13. Bg3 a5 14. Nbd2 Ba6 15. Nb1 Be7 16. Qc2 Rc8 17. Nc3 g5 18. h4 g4 19. Nh2 Nxd4 20. Qd1 h5 21. f3 Nf5 22. Ne2 Nxg3 23. Nxg3 Bxh4 24. Qe1 Bxd3 25. fxg4 Bxf1 26. Nhxf1 hxg4 27. Qe2 Qa4 28. b3 Qd4+ 29. Kh2 Bg5+ 0-1


[Site "https://www.chess.com"]

[Event "Titled Tuesday Blitz April 26 Late 2022"]
[White "Krstulovic, Alex"]
[Black "Przybylski, Wojciech"]
[WhiteFideId "760056"]
[BlackFideId "1117599"]
[WhiteElo "2193"]
[BlackElo "2133"]
[Result "1-0"]
[Round "08"]
[TimeControl "180+1"]
[Date "2022.04.26"]
[WhiteClock "0:00:10"]
[BlackClock "0:00:14"]

1. e4 c5 2. Nf3 e6 3. d4 cxd4 4. Nxd4 Nc6 5. Nc3 Qc7 6. Be3 a6 7. a3 Nf6 8. f4 d6 9. Qf3 Be7 10. O-O-O Bd7 11. g4 Nxd4 12. Rxd4 e5 13. Rc4 Qa5 14. g5 Ng4 15. Bh3 Nxe3 16. Bxd7+ Kxd7 17. Qxe3 b5 18. Qh3+ Ke8 19. Rb4 exf4 20. Nd5 Bxg5 21. Qf5 Qd8 22. Rg1 h6 23. e5 dxe5 24. Qxe5+ Kf8 25. h4 Bf6 26. Qe4 Rc8 27. Rd1 Bxh4 28. Qf5 g6 29. Qe5 Kg8 30. Rxf4 Qg5 31. Nf6+ Kf8 32. Nd7+ Kg8 33. Nf6+ Kf8 34. Qd6+ Kg7 35. Qd4 Rcd8 36. Nh5+ Kf8 37. Qxh8+ Ke7 38. Re1+ Kd7 39. Rd1+ Kc6 40. Qxd8 Qxf4+ 41. Nxf4 Bxd8 42. Rxd8 g5 43. Ne2 f5 44. Rf8 Kd6 45. Rxf5 Ke6 46. Rf2 h5 47. Kd2 Ke5 48. Ke3 h4 49. Rg2 Kf5 50. Kf3 h3 51. Rh2 g4+ 52. Kg3 Kg5 53. Nf4 Kf5 54. Nxh3 gxh3 55. Rxh3 Ke4 56. Kf2 Kd4 57. Rh4+ Kc5 58. Ke3 Kb6 59. b4 a5 60. Kd4 a4 61. Rh6+ Kc7 62. Kc5 Kd7 63. Kxb5 Ke7 64. Kc5 1-0


[Site "https://www.chess.com"]

[Event "Titled Tuesday Blitz April 26 Late 2022"]
[White "Kujawski, Adam"]
[Black "Toniutti, Ezio"]
[WhiteFideId "1100920"]
[BlackFideId "113034"]
[WhiteElo "2053"]
[BlackElo "2215"]
[Result "0-1"]
[Round "08"]
[TimeControl "180+1"]
[Date "2022.04.26"]
[WhiteClock "0:00:02"]
[BlackClock "0:01:44"]

1. d4 d5 2. Nf3 c6 3. b3 Nf6 4. g3 Bf5 5. Bg2 e6 6. O-O Nbd7 7. c4 Be7 8. Nbd2 h6 9. Bb2 O-O 10. a3 a5 11. Ra2 Qb6 12. Qa1 Rfd8 13. Rc1 Qa6 14. Bc3 Ne4 15. Nxe4 Bxe4 16. Nd2 Bxg2 17. Kxg2 Bg5 18. e3 Bf6 19. Nf3 a4 20. bxa4 dxc4 21. a5 b5 22. axb6 Nxb6 23. Bb4 Nd5 24. Qb1 Rdb8 25. Rac2 c3 26. Qb3 Be7 27. Ne5 Bxb4 28. axb4 Rxb4 29. Rxc3 Rxb3 30. Rxb3 Qe2 31. Rxc6 Ra2 0-1


[Site "https://www.chess.com"]

[Event "Titled Tuesday Blitz April 26 Late 2022"]
[White "Kukula, Pawel"]
[Black "Stanisz, Patryk"]
[WhiteFideId "1115081"]
[BlackFideId "1123106"]
[WhiteElo "2152"]
[BlackElo "1833"]
[Result "1-0"]
[Round "08"]
[TimeControl "180+1"]
[Date "2022.04.26"]
[WhiteClock "0:00:16"]
[BlackClock "0:00:02"]

1. d4 d5 2. c4 c6 3. Nf3 Nf6 4. Nbd2 g6 5. g3 Bg7 6. Bg2 O-O 7. O-O Bf5 8. Qb3 Qb6 9. c5 Qxb3 10. axb3 Na6 11. Ra4 Ne4 12. e3 Nc7 13. b4 a6 14. Nh4 Nxd2 15. Bxd2 Bc2 16. Raa1 e5 17. Bc3 exd4 18. exd4 Nb5 19. Nf3 Rfe8 20. Rfe1 Kf8 21. Bf1 Be4 22. Bxb5 Bxf3 23. Bf1 Re4 24. Bd3 Rxe1+ 25. Rxe1 Re8 26. Re3 Bg4 27. Kg2 Bh6 28. Rxe8+ Kxe8 29. f4 Ke7 30. h3 Be6 31. Kf3 Bxh3 32. g4 f5 33. g5 Bg4+ 34. Kg3 Bg7 35. Kf2 h6 36. gxh6 Bxh6 37. Bd2 Kf6 38. Kg3 Bg7 39. Be3 Bf8 40. Bf2 Be7 41. Kg2 Kf7 42. Kg3 Bf6 43. Be3 Kg7 44. Bf1 Kh6 45. Bd3 Kh5 46. Bc2 Bh4+ 47. Kg2 g5 48. Bd3 Bd1 49. Bxf5 gxf4 50. Bxf4 Bg4 51. Bd3 Bf6 52. Be3 Kh4 53. Bf4 Kh5 54. Be3 Kh4 55. Bf2+ Kh5 56. Kg3 Bh4+ 57. Kg2 Bf6 58. Bh7 Bg5 59. Bc2 Bd2 60. b5 axb5 61. Bd3 Bc1 62. b3 Bd1 63. b4 Bd2 64. Bf5 Bxb4 65. Bc8 Bb3 66. Bxb7 Bc4 67. Bxc6 Bc3 68. Be8+ Kg5 69. c6 b4 70. c7 Ba6 71. Bc6 b3 72. Bxd5 Bc8 73. Bxb3 Kf5 74. Bc4 Ke4 75. d5 Be5 76. Bg3 Bd4 77. d6 Bc5 78. Bb5 Kd5 79. d7 Bxd7 80. Bxd7 Bd6 81. c8=Q 1-0


[Site "https://www.chess.com"]

[Event "Titled Tuesday Blitz April 26 Late 2022"]
[White "Li, Ben"]
[Black "Brodowski, Piotr"]
[WhiteFideId "2089980"]
[BlackFideId "1124480"]
[WhiteElo "2267"]
[BlackElo "2422"]
[Result "1-0"]
[Round "08"]
[TimeControl "180+1"]
[Date "2022.04.26"]
[WhiteClock "0:00:16"]
[BlackClock "0:00:01"]

1. d4 c5 2. d5 d6 3. Nf3 Nf6 4. c4 e5 5. Nc3 Be7 6. e4 O-O 7. Bd3 Nbd7 8. O-O Ne8 9. g3 g6 10. Bh6 Ng7 11. Ne1 Nf6 12. f3 Kh8 13. Ng2 Ng8 14. Bd2 Bd7 15. f4 exf4 16. gxf4 Bf6 17. Kh1 Bd4 18. Qf3 a6 19. Rae1 f6 20. b3 Nh6 21. Ne2 Bg4 22. Qg3 Bxe2 23. Rxe2 Qd7 24. Qh4 Ng8 25. Ree1 Rae8 26. e5 fxe5 27. fxe5 Rxf1+ 28. Rxf1 Rxe5 29. Bxg6 Nf5 30. Qh3 Ng3+ 31. Qxg3 hxg6 32. Qxg6 Qg7 33. Qd3 Nf6 34. Qh3+ Rh5 35. Qf3 Ng4 36. Bf4 Rf5 37. Qh3+ Kg8 38. Qd3 Qg6 39. Nh4 Nf2+ 40. Rxf2 1-0


[Site "https://www.chess.com"]

[Event "Titled Tuesday Blitz April 26 Late 2022"]
[White "Lopez Del Alamo, Antonio"]
[Black "Butti, Enrique"]
[WhiteFideId "2227339"]
[BlackFideId "3700470"]
[WhiteElo "2082"]
[BlackElo "2080"]
[Result "1-0"]
[Round "08"]
[TimeControl "180+1"]
[Date "2022.04.26"]
[WhiteClock "0:00:15"]
[BlackClock "0:00:25"]

1. e4 c5 2. Nf3 d6 3. d4 cxd4 4. Nxd4 Nf6 5. Nc3 a6 6. Be2 e6 7. O-O Be7 8. f4 Qc7 9. Kh1 O-O 10. Qe1 b5 11. Bd3 Bb7 12. Bd2 Nbd7 13. Nf3 e5 14. a3 Rfe8 15. fxe5 dxe5 16. Qg3 Bf8 17. b4 g6 18. Ng5 Bg7 19. Rf2 h6 20. Nh3 Re6 21. Raf1 Rc6 22. Nd5 Nxd5 23. exd5 Rf6 24. Be4 Rxf2 25. Qxf2 f5 26. d6 Qc8 27. Bxb7 Qxb7 28. Rd1 Rc8 29. Be3 Rc6 30. Bc5 Qc8 31. Rd5 e4 32. Nf4 g5 33. Ne6 f4 34. Nxg7 Kxg7 35. Qd4+ Kg8 36. Rf5 e3 37. Qd5+ Kh8 38. Bd4+ 1-0


[Site "https://www.chess.com"]

[Event "Titled Tuesday Blitz April 26 Late 2022"]
[White "Makarian, Rudik"]
[Black "Vasquez Schroeder, Rodrigo"]
[WhiteFideId "44105681"]
[BlackFideId "3400042"]
[WhiteElo "2388"]
[BlackElo "2561"]
[Result "1-0"]
[Round "08"]
[TimeControl "180+1"]
[Date "2022.04.26"]
[WhiteClock "0:00:34"]
[BlackClock "0:00:49"]

1. d4 d5 2. c4 c6 3. Nf3 Nf6 4. Nc3 e6 5. Bg5 dxc4 6. e4 b5 7. e5 h6 8. Bh4 g5 9. Nxg5 hxg5 10. Bxg5 Nbd7 11. g3 Bb7 12. Bg2 Qb6 13. exf6 O-O-O 14. O-O c5 15. d5 b4 16. Rb1 Qa6 17. dxe6 Bxg2 18. e7 Bxf1 19. Kxf1 Bxe7 20. fxe7 Rdg8 21. Ne4 Qe6 22. Nd6+ Kc7 23. Bf4 Kb6 24. Rc1 Rxh2 25. Qf3 Qh3+ 26. Kg1 Kc7 27. Qb7# 1-0


[Site "https://www.chess.com"]